 Dungeon Crawl Stone Soup version 0.17.0-1-g61d176b (webtiles) character file.

77 zarick13 the Slasher (level 4, -1/35 HPs)
             Began as a Formicid Fighter on Nov 7, 2015.
             Slain by TwistedFlax's ghost (9 damage)
             ... on level 3 of the Dungeon.
             The game lasted 00:04:27 (2239 turns).

zarick13 the Slasher (Formicid Fighter)             Turns: 2239, Time: 00:04:28

Health: -1/35      AC:  6    Str: 22    XL:     4   Next: 60%
Magic:  4/4        EV:  8    Int:  7    God:
Gold:   135        SH:  9    Dex: 10    Spells: 0 memorised, 3 levels left

rFire  . . .     SeeInvis +     a - +0 long sword
rCold  . . .     Clarity  .     b - +0 scale mail
rNeg   . . .     SustAt   .     c - +0 shield
rPois  .         Gourm    .     (helmet unavailable)
rElec  .         Spirit   .     (no cloak)
rCorr  .         Warding  .     (no gloves)
rMut   .         Stasis   +     (no boots)
MR     .....                    (no amulet)
Stlth  ..........               (no ring)
                                (no ring)

@: not resistant to hostile enchantments, extremely unstealthy
A: permanent stasis, dig shafts and tunnels, four strong arms, antennae 3
a: Dig, Shaft Self


You were on level 3 of the Dungeon.
You were hungry.

You visited 1 branch of the dungeon, and saw 3 of its levels.

You collected 135 gold pieces.

Inventory:

Hand Weapons
 a - a +0 long sword (weapon)
Missiles
 m - 8 javelins (quivered)
Armour
 b - a +0 scale mail (worn)
 c - a +0 shield (worn)
Jewellery
 p - an uncursed amulet of faith
Scrolls
 h - a scroll of noise {unknown}
 n - 2 scrolls of magic mapping
Potions
 d - 2 potions of might
 f - 2 potions of flight {unknown}
 k - a potion of invisibility
 r - 2 potions of poison
 s - a potion of lignification
 v - a potion of haste
Books
 q - a book of the Earth

   Spells                             Type                      Level
   a - Leda's Liquefaction            Hexes/Earth                  4
   b - Bolt of Magma                  Conjuration/Fire/Earth       5
   c - Statue Form                    Transmutation/Earth          6
   d - Iron Shot                      Conjuration/Earth            6
   e - Shatter                        Earth                        9
Comestibles
 e - 2 bread rations
 g - 3 meat rations
 j - a beef jerky
 l - 4 chunks of flesh


   Skills:
 - Level 3.2 Fighting
 * Level 4.4 Long Blades
 - Level 3.2 Armour
 - Level 3.6 Shields


You had 3 spell levels left.
You didn't know any spells.

Dungeon Overview and Level Annotations

Branches:
Dungeon (3/15)

Altars:

Annotations:
D:3 TwistedFlax's ghost, weakling MiBe


Innate Abilities, Weirdness & Mutations

You are under a permanent stasis effect.
You can dig through walls and to a lower floor.
Your four strong arms can wield two-handed weapons with a shield.
You have a pair of large antennae on your head (SInv).


Message History

d - 2 potions of might (gained 1)
h - a scroll labeled HEONGU VIGICRE TwistedFlax's ghost (weakling Minotaur Berserker) comes into view.
TwistedFlax's ghost is nearby!
TwistedFlax's ghost turns its malevolent gaze towards you.
You slash TwistedFlax's ghost!
TwistedFlax's ghost is moderately damaged.
TwistedFlax's ghost barely misses you.
A quokka and a hobgoblin come into view.
The hobgoblin shouts!
You hit TwistedFlax's ghost.
TwistedFlax's ghost is moderately damaged.
TwistedFlax's ghost hits you!
You are feeling hungry.
You closely miss TwistedFlax's ghost.
TwistedFlax's ghost is moderately damaged.
TwistedFlax's ghost hits you!
* * * LOW HITPOINT WARNING * * *
TwistedFlax's ghost hits you!
You die...

############.#########
...#.........#.......#
.....########.)..>.#.#
##.### #..###.#.##
#...# #..........
#...# #...##.#.##
#...# ##...##.#.#
#...# ###.........#
#...# ........@#.###
#...# ##.$.##.W#.# ..
..... #.g..# .. .....
...... ..... ....
###r..# ....# ...
....# ##..# ...#! #..#
.#.#.# #..#


You could see TwistedFlax's ghost, a quokka and a hobgoblin.

Vanquished Creatures
  2 adders (D:2)
  2 worms
  A giant gecko (D:3)
  A ball python (D:3)
  11 bats
  4 giant cockroaches
  7 goblins
  A hobgoblin (D:3)
  6 jackals (D:2)
  7 kobolds
  2 quokkas
  A giant newt (D:2)
  7 rats
52 creatures vanquished.

Vanquished Creatures (others)
  5 toadstools (D:1)
5 creatures vanquished.

Grand Total: 57 creatures vanquished

Notes
Turn   | Place    | Note
--------------------------------------------------------------
     0 | D:1      | zarick13 the Formicid Fighter began the quest for the Orb.
     0 | D:1      | Reached XP level 1. HP: 18/18 MP: 1/1
    81 | D:1      | Reached XP level 2. HP: 20/24 MP: 2/2
  1046 | D:1      | Reached XP level 3. HP: 27/29 MP: 3/3
  1343 | D:2      | Found a faded altar to an unknown god.
  1551 | D:2      | Reached skill level 4 in Long Blades
  1551 | D:2      | Reached XP level 4. HP: 21/35 MP: 4/4
  2234 | D:3      | Noticed TwistedFlax's ghost (weakling MiBe)
  2239 | D:3      | Slain by TwistedFlax's ghost

Action                   |  1- 3 |  4- 6 || total
-------------------------+-------+-------++-------
Melee: Long sword        |   119 |    45 ||   164
 Abil: Dig               |     1 |       ||     1
  Use: Scroll            |       |    10 ||    10
  Eat: Chunk             |     2 |     2 ||     4
